 Dungeon Crawl Stone Soup version 0.31.0-32-g396128a36d (webtiles) character file.

Game seed: 2484226719382505958

418 spaghetti the Summoner (level 6, 0/28 HPs)
             Began as a Vine Stalker Summoner on Mar 11, 2024.
             Slain by an ogre
             ... wielding a +0 giant spiked club
              (14 damage)
             ... on level 6 of the Dungeon.
             The game lasted 00:05:22 (2524 turns).

spaghetti the Summoner (Vine Stalker Summoner)      Turns: 2524, Time: 00:05:22

Health: 0/28       AC:  5    Str: 11      XL:     6   Next: 93%
Magic:  0/10       EV: 11    Int: 17      God:
Gold:   85         SH:  0    Dex: 13 (14) Spells: 3/9 levels left

rFire   . . .        (no weapon)
rCold   . . .        (no shield)
rNeg    . . .        d - +0 leather armour {rPois}
rPois   +            (helmet restricted)
rElec   .            (no cloak)
rCorr   .            (no gloves)
SInv    .            b - +1 pair of boots
Will    .....        (no amulet)
Stlth   +++          (no ring)
HPRegen 1.04/turn    (no ring)
MPRegen 0.12/turn

%: guardian spirit
@: inugami summoned
A: fangs 2, regeneration 1, magic shield, antimagic bite, no potion heal 2,
antennae 1, camouflage 1, deterioration 1, MP-powered wands
a: no special abilities


You were on level 6 of the Dungeon.
You visited 1 branch of the dungeon, and saw 4 of its levels.

You collected 85 gold pieces.

Inventory:

Armour
 a - a +0 robe
 b - a +1 pair of boots (worn)
 d - a +0 leather armour of poison resistance (worn)
Scrolls
 c - a scroll of revelation
 j - 3 scrolls of identify
 k - a scroll of vulnerability {unknown}
Potions
 e - a potion of curing
 g - a potion of attraction
 i - a potion of heal wounds


   Skills:
 - Level 1.5 Dodging
 - Level 2.4 Stealth
 - Level 2.1 Spellcasting
 + Level 8.0 Summonings


You had 3 spell levels left.
You knew the following spells:

 Your Spells              Type           Power      Damage    Failure   Level
a - Summon Small Mammal   Summ           100%       N/A       1%          1
b - Call Imp              Summ           58%        N/A       1%          2
c - Call Canine Familiar  Summ           29%        N/A       2%          3

Your spell library contained the following spells:

 Spells                   Type           Power      Damage    Failure   Level
 Summon Blazeheart Golem  Fire/Summ      15%        N/A       43%         4
 Summon Lightning Spire   Summ/Air       15%        N/A       43%         4


Dungeon Overview and Level Annotations

Branches:
Dungeon (3/15)

Altars:

Shops:
D:2 !(([:


Innate Abilities, Weirdness & Mutations

You have extremely sharp teeth.
Your natural rate of healing is unusually fast.
When hurt, damage is shared between your health and your magic reserves.
Your bite disrupts and absorbs the magic of your enemies.
Potions cannot restore your health.
You have a pair of small antennae on your head.
Your skin changes colour to match your surroundings (Stealth+).
Your body sometimes deteriorates upon taking damage.
You expend magic power (3 MP) to strengthen your wands.


Message History

Confirm with . or Enter, or press ? or * to list all spells.
Your canine familiar is too injured to answer your call.
You swap places.
Something hits you!
Deactivating autopickup; reactivate with Ctrl-A.
Your quokka closely misses the ufetubus.
The ufetubus barely misses your quokka. x2; The ogre barely misses your rat.
Unknown command.
Okay, then.
It was a potion of mutation.
You feel extremely strange. A pair of antennae grows on your head!
You feel yourself wasting away.
You feel your magical essence link to the dungeon's wands.
Your skin functions as natural camouflage.
Your familiar recovers from its injuries.
The ufetubus hits your quokka.
The ufetubus hits your quokka but does no damage.
Something hits you.
Your quokka barely misses the ufetubus.
The ufetubus barely misses your quokka. The ufetubus misses your quokka.
Casting: Call Canine Familiar (dangerous; 2% risk of failure)
Confirm with . or Enter, or press ? or * to list all spells.
You call for your canine familiar and it appears with a howl!
Your quokka closely misses the ufetubus.
Something hits you but does no damage. The ufetubus barely misses your quokka.
The ufetubus closely misses your quokka.
The ogre hits your rat with a +0 giant spiked club!!
Your rat dies!
Your rat's corpse disappears in a puff of smoke!
Your quokka completely misses the ufetubus.
You hit something but do no damage. You bite something.
The ufetubus barely misses your quokka.
The ufetubus closely misses your quokka.
Something hits you but does no damage.
Your quokka misses the ufetubus. The ufetubus barely misses your quokka.
The ufetubus closely misses your quokka.
Your inugami hits the ogre. Something hits you!
The ufetubus barely misses your quokka. The ufetubus misses your quokka.
Your quokka bites the ufetubus.
Your inugami hits the ogre!
The ogre hits you with a +0 giant spiked club!
Ouch! That really hurt!
You die...

### ..# ##.## ...
### ## #5# ...##.##
##r##
#.#...#####.Oh#
#...#.....{@#.....#
#...#####...###.#
##.## ##.## #.# .#
#.# .# #)# .#
##ยง## .# #){.# ..
#..#.......#


You could see an ogre (ally target), an ufetubus (ally target), a friendly
quokka (summoned) and a friendly inugami (summoned).

Vanquished Creatures
  Natasha (twice) (D:2)
  2 adders (D:2)
  3 ball pythons
  A bat (D:2)
  3 endoplasms (D:1)
  A giant cockroach (D:1)
  2 goblins
  3 hobgoblins (D:1)
  A kobold (D:1)
  A frilled lizard (D:1)
  3 rats
22 creatures vanquished.

Vanquished Creatures (collateral kills)
  Grinder (D:3)
  A jelly (D:6)
  Natasha (D:2)
  An orc wizard (D:6)
  3 adders (D:2)
  A ribbon worm (D:2)
  2 orcs (D:6)
  5 endoplasms
  2 goblins (D:2)
  3 kobolds
  A quokka (D:1)
  4 ball pythons
  2 bats (D:3)
  A rat (D:2)
28 creatures vanquished.

Grand Total: 50 creatures vanquished

Notes
Turn   | Place    | Note
-------+----------+-------------------------------------------
     0 | D:1      | spaghetti the Vine Stalker Summoner began the quest for the
                  | Orb.
     0 | D:1      | Reached XP level 1. HP: 9/9 MP: 4/4
   132 | D:1      | Reached XP level 2. HP: 12/13 MP: 0/6
   137 | D:1      | Learned a level 2 spell: Call Imp
   493 | D:1      | Reached XP level 3. HP: 16/16 MP: 5/7
   497 | D:1      | Learned a level 3 spell: Call Canine Familiar
   605 | D:1      | Reached skill level 5 in Summonings
   986 | D:2      | Found Jyohis's Antique Armour Shop.
  1091 | D:2      | Found Niqoecs's Antique Weapon Boutique.
  1132 | D:2      | Reached XP level 4. HP: 10/21 MP: 3/8
  1205 | D:2      | Found Zamnash's Distillery.
  1256 | D:2      | Found Peti's Antique Weapon Shoppe.
  1485 | D:2      | Found Somaodas's Book Emporium.
  1535 | D:2      | Noticed Natasha
  1545 | D:2      | Killed Natasha
  1546 | D:2      | Reached skill level 6 in Summonings
  1592 | D:2      | Noticed Natasha
  1637 | D:2      | Killed Natasha
  1638 | D:2      | Reached XP level 5. HP: 12/24 MP: 1/9
  1982 | D:2      | Noticed Natasha
  1998 | D:2      | Killed Natasha
  2094 | D:3      | Noticed Grinder
  2145 | D:3      | Killed Grinder
  2146 | D:3      | Reached skill level 7 in Summonings
  2146 | D:3      | Reached XP level 6. HP: 28/28 MP: 1/10
  2479 | D:3      | You fall into a shaft and drop 3 floors!
  2507 | D:6      | Reached skill level 8 in Summonings
  2521 | D:6      | Gained mutation: You have a pair of small antennae on your
                  | head. [potion of mutation]
  2521 | D:6      | Gained mutation: Your body sometimes deteriorates upon
                  | taking damage. [potion of mutation]
  2521 | D:6      | Gained mutation: You expend magic power (3 MP) to
                  | strengthen your wands. [potion of mutation]
  2521 | D:6      | Gained mutation: Your skin changes colour to match your
                  | surroundings (Stealth+). [potion of mutation]
  2524 | D:6      | Slain by an ogre

Illustrated notes

Levels and vault maps discovered:
D:1:      dpeg_arrival_court, layout_basic, minmay_stone_trees_small
D:2:      layout_rooms, serial_glass, glass_columns_b, glass_columns_a,
          glass_columns_b, glass_columns_c, glass_columns_a, glass_columns_a,
          glass_columns_b, glass_columns_a, serial_shops, shop, shop,
          nicolae_shop_dealshenge, nicolae_shop_advertising_works
          [nicolae_subvault_shop_adworks], nicolae_shop_peninsula, uniq_natasha
D:3:      layout_basic, minmay_quantized, uniq_grinder, uniq_robin, uniq_ijyb
D:6:      layout_loops_cross, minmay_temple_entry_slanted,
          minmay_misc_feat_tower, uniq_pikel, uniq_sigmund

Skill      XL: |  1  2  3  4  5  6 |
---------------+-------------------+-----
Summonings     | 5 6 7 8 |  8.0
Dodging        | |  1.5
Stealth        | |  2.4
Spellcasting   | |  2.1

Action                     |  1- 3 |  4- 6 || total
---------------------------+-------+-------++-------
  Melee: Unarmed           |    66 |    51 ||   117
         Bite              |    20 |    17 ||    37
   Cast: Summon Small Mamm |    12 |    12 ||    24
         Call Canine Famil |     5 |    11 ||    16
         Call Imp          |     5 |     9 ||    14
    Use: Scroll            |     5 |       ||     5
         Potion            |       |     3 ||     3
   Stab: Sleeping          |     1 |       ||     1
         Distracted        |       |     1 ||     1
 Armour: Leather armour    |    41 |    53 ||    94
  Dodge: Dodged            |    40 |    32 ||    72
